 Dungeon Crawl Stone Soup version 0.29-a0-350-g7790a0e70a (webtiles) character file.

Game seed: 14979901285044837504

9497 enile the Party-goer (level 11, -16/84 HPs)
             Began as a Demonspawn Gladiator on Apr 23, 2022.
             Was a Follower of Uskayaw.
             Demolished by an ice devil (26 damage)
             ... in an ice cave.
             The game lasted 00:20:26 (13991 turns).

enile the Party-goer (Demonspawn Gladiator)        Turns: 13991, Time: 00:20:27

Health: -16/84     AC: 19    Str: 16    XL:     11   Next: 23%
Magic:  17/17      EV:  8    Int:  4    God:    Uskayaw [*.....]
Gold:   574        SH:  0    Dex: 24    Spells: 11/16 levels left

rFire   . . .      SeeInvis +   I - +9 dagger "Simec" {flame, +Blink rPois Will- Int-5}
rCold   . . .      Faith    .   (no shield)
rNeg    . . .      Spirit   .   u - +3 plate armour of Veizisch {rPois Slay+2}
rPois   +          Reflect  .   (helmet unavailable)
rElec   .          Harm     +   x - scarf {harm}
rCorr   .          Rampage  .   (no gloves)
Will    .....      Clarity  +   (no boots)
Stlth   ..........              (no amulet)
HPRegen 0.24/turn               m - +6 ring of dexterity
MPRegen 0.15/turn               i - +4 ring of protection

@: no status effects
A: antennae 3, hooves 2, demonic magic 1, weakness stinger 2, clarity,
MP-powered wands
a: Renounce Religion, Evoke Blink, Stomp


You were in an ice cave.
You worshipped Uskayaw.
Uskayaw was aware of your devotion.
You visited 3 branches of the dungeon, and saw 13 of its levels.
You also visited: Ice Cave.

You collected 574 gold pieces.

Inventory:

Hand Weapons
 a - a +0 quarterstaff
 e - a +1 vorpal hand axe
 j - a +0 dagger
 q - a +1 mace of holy wrath
 v - a +1 dagger of venom
 y - a +0 antimagic short sword
 I - the +9 dagger "Simec" (weapon) {flame, +Blink rPois Will- Int-5}
   (You found it on level 5 of the Dungeon)

   It burns those it strikes, dealing additional fire damage.
   Int:       It affects your intelligence (-5).
   rPois:     It protects you from poison.
   +Blink:    It lets you blink.
   Will:      It decreases your willpower.
 X - the +5 long sword "Dippev" {flame, Will+ Int+3}
   (You found it on level 9 of the Dungeon)

   It burns those it strikes, dealing additional fire damage.
   Big, fiery blades are also staple armaments of hydra-hunters.
   Int:       It affects your intelligence (+3).
   Will:      It increases your willpower.
 Z - the +5 long sword of Light {elec, rF+ rC+ MP+9 Str-4}
   (You found it on level 10 of the Dungeon)

   It occasionally discharges a powerful burst of electricity upon striking a
   foe.
   Str:       It affects your strength (-4).
   rF:        It protects you from fire.
   rC:        It protects you from cold.
   MP:        It affects your magic capacity (+9).
Missiles
 n - 7 datura-tipped darts
 Q - 3 javelins (quivered)
 S - 2 curare-tipped darts
Armour
 b - a +0 leather armour
 c - a +0 helmet
 u - the +3 plate armour of Veizisch (worn) {rPois Slay+2}
   (You found it on level 5 of the Dungeon)

   Slay:      It affects your accuracy & damage with ranged weapons and melee
   (+2).
   rPois:     It protects you from poison.
 x - a scarf of harm (worn)
 O - a scarf of shadows
 R - a +2 hat
 Y - a +1 cloak
Jewellery
 i - a +4 ring of protection (right hand)
 m - a +6 ring of dexterity (left hand)
 o - an amulet of magic regeneration
 J - a ring of resist corrosion
Wands
 s - a wand of mindburst (23)
 M - a wand of digging (5)
 N - a wand of flame (27)
Scrolls
 d - 4 scrolls of fear
 g - 2 scrolls of blinking
 k - 4 scrolls of teleportation
 p - 2 scrolls of enchant weapon
 t - a scroll of noise
 B - a scroll of holy word
 C - 4 scrolls of vulnerability
 F - 3 scrolls of immolation
 G - a scroll of silence {unknown}
 K - a scroll of magic mapping
 L - a scroll of enchant armour {unknown}
 P - a scroll of fog {unknown}
 T - 2 scrolls of amnesia {unknown}
Potions
 f - 2 potions of might {unknown}
 h - a potion of magic
 l - a potion of brilliance {unknown}
 r - 3 potions of degeneration {unknown}
 w - a potion of flight {unknown}
 z - 3 potions of mutation
 A - 3 potions of lignification
 D - 3 potions of curing {unknown}
 E - 2 potions of invisibility
 H - a potion of resistance
 U - a potion of heal wounds {unknown}
 V - a potion of haste {unknown}
 W - 2 potions of cancellation {unknown}


   Skills:
 - Level 7.0 Fighting
 - Level 7.0 Short Blades
 - Level 2.8 Staves
 - Level 2.0 Throwing
 - Level 6.0 Armour
 - Level 6.0 Dodging
 - Level 3.0 Stealth
 - Level 3.0 Spellcasting
 - Level 3.0 Transmutations
 - Level 9.0 Invocations
 + Level 6.6 Evocations


You had 11 spell levels left.
You knew the following spells:

 Your Spells              Type           Power      Damage    Failure   Level
a - Poisonous Vapours     Pois/Air       0%         N/A       100%        2
b - Ignite Poison         Fire/Tmut/Pois 1%         N/A       100%        3

Your spell library contained the following spells:

 Spells                   Type           Power      Damage    Failure   Level
 Slow                     Hex            0%         N/A       100%        1
 Corpse Rot               Necr/Air       0%         N/A       100%        2
 Sublimation of Blood     Necr           0%         N/A       100%        2
 Confusing Touch          Hex            0%         N/A       100%        3
 Dazzling Flash           Conj/Hex       0%         N/A       100%        3
 Mephitic Cloud           Conj/Pois/Air  0%         N/A       100%        3
 Portal Projectile        Hex/Tloc       0%         N/A       100%        3
 Tukima's Dance           Hex            0%         N/A       100%        3
 Vampiric Draining        Necr           0%         2d6       100%        3
 Passage of Golubria      Tloc           0%         N/A       100%        4
 Petrify                  Tmut/Erth      1%         N/A       100%        4
 Agony                    Necr           0%         N/A       100%        5
 Blade Hands              Tmut           1%         N/A       100%        5
 Borgnjor's Vile Clutch   Necr/Erth      0%         N/A       100%        5
 Excruciating Wounds      Necr           0%         N/A       100%        5
 Freezing Cloud           Conj/Ice/Air   0%         6-21      100%        5
 Irradiate                Conj/Tmut      0%         3d13      100%        5
 Silence                  Hex/Air        0%         N/A       100%        5
 Summon Mana Viper        Hex/Summ       0%         N/A       100%        5
 Yara's Violent Unravell  Hex/Tmut       0%         3d3       100%        5
 Shatter                  Erth           0%         3d5*      100%        9


Dungeon Overview and Level Annotations

Branches:
Dungeon (11/15)            Temple (1/1) D:6            Lair (1/6) D:9
  IceCv (1/1)
    Orc: D:9-12

Altars:
Ashenzari
Cheibriados
Dithmenos
Elyvilon
Fedhas
Kikubaaqudgha
Makhleb
Nemelex Xobeh
Okawaru
Qazlal
Sif Muna
Trog
Uskayaw
Vehumet
Wu Jian
Xom
Yredelemnul
Zin
The Shining One

Shops:
D:9 [

Annotations:
IceCv exclusion: 2 ice statues


Innate Abilities, Weirdness & Mutations

You have a pair of large antennae on your head. (SInv)
You have hoof-like feet.
Spells you cast may paralyse adjacent enemies.
You have a tail ending in a sharp stinger.
You possess an exceptional clarity of mind.
You expend magic power (3 MP) to strengthen your wands.


Message History

You kick the cane toad simulacrum, but do no damage.
The cane toad simulacrum is lightly damaged.
The cane toad simulacrum hits you but does no damage.
You barely miss the cane toad simulacrum.
You kick the cane toad simulacrum, but do no damage.
The cane toad simulacrum is lightly damaged.
You puncture the cane toad simulacrum!
You melt the cane toad simulacrum.
The cane toad simulacrum vaporises!
You can now pass through a line of other dancers.
No target in view!
No target in view!
No target in view!
An ice devil and 2 ice statues come into view.
Found a scroll of teleportation and a scroll of identify.
The ice statue gestures at you. The freezing blast engulfs you!
Marking area around 2 ice statues as unsafe for travelling.
You are engulfed in freezing vapours.
The ice devil misses you.
You hit the ice devil but do no damage.
You kick the ice devil, but do no damage.
You closely miss the ice devil.
The ice devil hits you but does no damage.
You barely miss the ice devil.
You kick the ice devil, but do no damage.
You tail-slap the ice devil, but do no damage.
The ice devil hits you. The ice devil freezes you!!
You puncture the ice devil! You burn the ice devil. You kick the ice devil.
The ice devil is heavily wounded.
You hit the ice devil but do no damage. Your kick misses the ice devil.
You tail-slap the ice devil.
The ice devil is heavily wounded.
The ice devil hits you!
* * * LOW HITPOINT WARNING * * *
The ice devil freezes you!
* * * LOW HITPOINT WARNING * * *
You fail to use your ability.
The ice devil hits you.
* * * LOW HITPOINT WARNING * * *
The ice devil freezes you!!
You die...

##### .....##
.......## ........##
........8 ####
........########..##
.........##..##....##
....................#
..⌠........4@...∩∩..#
...........##.......#
.........######....##
........## ##..##
........8 ####
........# ......#
...##


You could see an ice devil.

Vanquished Creatures
  A deep elf pyromancer (D:9)
  A black mamba (D:9)
  Maggie (D:6)
  An unseen horror (D:11)
  2 komodo dragons
  A troll (D:10)
  A hornet (D:8)
  Sigmund (D:4)
  A wyvern (D:9)
  13 yaks
  A wraith (D:10)
  A basilisk (D:9)
  5 vampire mosquitoes (D:10)
  2 acid dragons
  3 water moccasins
  An orc warrior (D:9)
  A swamp drake (D:9)
  4 ice beasts
  2 sky beasts
  3 black bears
  3 ogres
  2 centaurs (D:10)
  2 kobold brigands
  3 bullfrogs
  A gnoll sergeant (D:9)
  A necrophage (D:4)
  A scorpion (D:4)
  A two-headed ogre simulacrum (IceCv)
  A cane toad simulacrum (IceCv)
  An elephant simulacrum (IceCv)
  3 killer bees (D:8)
  3 howler monkeys
  3 jellies
  2 hounds
  11 orc priests
  Terence (D:3)
  An iguana (D:7)
  9 orc wizards
  A troll simulacrum (IceCv)
  2 wolf simulacra (IceCv)
  5 gnolls
  8 adders
  A shadow imp (D:5)
  2 ufetubi (D:5)
  4 worms
  7 dart slugs
  36 orcs
  5 ball pythons
  6 endoplasms
  3 giant cockroaches
  12 goblins
  9 hobgoblins
  3 jackals (D:1)
  18 kobolds
  4 quokkas
  5 bats
  3 frilled lizards
  7 rats
236 creatures vanquished.

Vanquished Creatures (collateral kills)
  A gnoll sergeant (D:9)
  A killer bee (D:8)
  2 howler monkeys (D:11)
  An orc priest (D:5)
  7 gnolls
  2 orcs
  2 goblins (D:5)
  A hobgoblin (D:3)
17 creatures vanquished.

Vanquished Creatures (others)
  A howler monkey (D:11)
  An orc wizard (D:9)
  3 gnolls
  An orc (D:9)
  2 goblins
  A quokka (D:4)
  5 plants
14 creatures vanquished.

Grand Total: 267 creatures vanquished

Notes
Turn   | Place    | Note
-------+----------+-------------------------------------------
     0 | D:1      | enile the Demonspawn Gladiator began the quest for the Orb.
     0 | D:1      | Reached XP level 1. HP: 16/16 MP: 1/1
    60 | D:1      | Discovered your monstrous ancestry.
    60 | D:1      | Gained mutation: You have a small tail. [demonic ancestry]
    60 | D:1      | Reached XP level 2. HP: 13/22 MP: 2/2
  1184 | D:2      | Gained mutation: You have a pair of small antennae on your
                  | head. [demonic ancestry]
  1184 | D:2      | Reached XP level 3. HP: 29/29 MP: 3/3
  1899 | D:2      | Gained mutation: You have large cloven feet. [demonic
                  | ancestry]
  1899 | D:2      | Reached XP level 4. HP: 35/35 MP: 4/4
  2199 | D:3      | Noticed Terence
  2223 | D:3      | Killed Terence
  2626 | D:3      | Gained mutation: You have a pair of antennae on your head.
                  | [demonic ancestry]
  2626 | D:3      | Reached XP level 5. HP: 13/42 MP: 5/5
  3636 | D:3      | Reached skill level 5 in Fighting
  3649 | D:3      | Reached skill level 1 in Stealth
  3960 | D:4      | Noticed an ice beast
  3990 | D:4      | Noticed Sigmund
  4084 | D:4      | Killed an ice beast
  4085 | D:4      | Gained mutation: Spells you cast may paralyse adjacent
                  | enemies. [demonic ancestry]
  4085 | D:4      | Reached XP level 6. HP: 19/51 MP: 6/6
  4344 | D:4      | Reached skill level 1 in Spellcasting
  4382 | D:4      | Learned a level 2 spell: Poisonous Vapours
  4402 | D:4      | Learned a level 3 spell: Ignite Poison
  4430 | D:5      | Entered Level 5 of the Dungeon
  4437 | D:5      | Reached XP level 7. HP: 53/56 MP: 8/10
  4456 | D:5      | Found a stormy altar of Qazlal.
  4510 | D:5      | Reached skill level 1 in Evocations
  4961 | D:5      | Identified the +3 plate armour of Veizisch {rPois Slay+2}
  5146 | D:5      | Reached skill level 1 in Transmutations
  5146 | D:5      | Gained mutation: You passively map a small area around you.
                  | [potion of mutation]
  5146 | D:5      | Gained mutation: You have hidden genetic potential. [potion
                  | of mutation]
  5690 | D:5      | Gained mutation: You have a tail ending in a sharp stinger.
                  | [demonic ancestry]
  5690 | D:5      | Reached XP level 8. HP: 34/62 MP: 12/12
  6193 | D:5      | Identified the +9 dagger "Simec" {flame, +Blink rPois Will-
                  | Int-5}
  6486 | D:6      | Found a staircase to the Ecumenical Temple.
  6502 | D:6      | Gained mutation: Your muscles are strong. (Str +2) [hidden
                  | potential]
  6505 | D:6      | Noticed Maggie
  6508 | Temple   | Entered the Ecumenical Temple
  6785 | Temple   | Became a worshipper of Uskayaw the Reveller
  6801 | D:6      | Reached * piety under Uskayaw
  6802 | D:6      | Reached ** piety under Uskayaw
  6804 | D:6      | Killed Maggie
  6804 | D:6      | Reached *** piety under Uskayaw
  6805 | D:6      | Reached skill level 5 in Short Blades
  7237 | D:4      | Killed Sigmund
  7237 | D:4      | Reached **** piety under Uskayaw
  7238 | D:4      | Reached skill level 2 in Invocations
  7242 | D:4      | Gained mutation: You have hoof-like feet. [demonic
                  | ancestry]
  7242 | D:4      | Reached XP level 9. HP: 56/68 MP: 13/13
  7340 | D:4      | Got Usteirchuyma's Volume of Ashen Enchantment
  7428 | D:4      | Reached skill level 3 in Invocations
  7430 | D:4      | Reached skill level 4 in Invocations
  7913 | D:7      | Reached skill level 5 in Invocations
  7922 | D:7      | Reached ***** piety under Uskayaw
  7924 | D:7      | Reached skill level 6 in Invocations
  7940 | D:7      | Gained mutation: Your system is resistant to poisons.
                  | (rPois) [hidden potential]
  7940 | D:7      | Lost mutation: You have hidden genetic potential. [hidden
                  | potential expressed]
  8152 | D:7      | Reached skill level 7 in Invocations
  8232 | D:7      | Reached skill level 5 in Dodging
  8699 | D:8      | Reached skill level 5 in Armour
  8699 | D:8      | Gained mutation: You have a pair of large antennae on your
                  | head. (SInv) [demonic ancestry]
  8699 | D:8      | Reached XP level 10. HP: 74/74 MP: 15/15
  9806 | D:9      | Reached skill level 8 in Invocations
  9808 | D:9      | Reached skill level 9 in Invocations
 10478 | D:9      | Found a staircase to the Lair.
 10979 | D:9      | Noticed a deep elf pyromancer
 10986 | D:9      | Killed a deep elf pyromancer
 11113 | D:9      | Identified the +5 long sword "Dippev" {flame, Will+ Int+3}
 11206 | D:9      | Found Luaraeh's Armour Emporium.
 11610 | D:10     | Entered Level 10 of the Dungeon
 12333 | D:10     | Lost mutation: You passively map a small area around you.
                  | [potion of mutation]
 12333 | D:10     | Lost mutation: Your system is resistant to poisons. (rPois)
                  | [potion of mutation]
 12333 | D:10     | Lost mutation: Your muscles are strong. (Str +2) [potion of
                  | mutation]
 12333 | D:10     | Gained mutation: You are strong-willed. (Will+) [potion of
                  | mutation]
 12333 | D:10     | Gained mutation: Potions are less effective at restoring
                  | your health. [potion of mutation]
 12333 | D:10     | Gained mutation: You expend magic power (3 MP) to
                  | strengthen your wands. [potion of mutation]
 12334 | D:10     | Lost mutation: You are strong-willed. (Will+) [potion of
                  | mutation]
 12334 | D:10     | Lost mutation: You expend magic power (3 MP) to strengthen
                  | your wands. [potion of mutation]
 12334 | D:10     | Lost mutation: Potions are less effective at restoring your
                  | health. [potion of mutation]
 12334 | D:10     | Gained mutation: You expend magic power (3 MP) to
                  | strengthen your wands. [potion of mutation]
 12334 | D:10     | Gained mutation: You possess an exceptional clarity of
                  | mind. [potion of mutation]
 12428 | D:10     | Found a snail-covered altar of Cheibriados.
 12862 | D:10     | Identified the +5 long sword of Light {elec, rF+ rC+ MP+9
                  | Str-4}
 12908 | D:10     | Reached XP level 11. HP: 84/84 MP: 17/17
 13017 | D:10     | Reached skill level 5 in Evocations
 13337 | Lair:1   | Entered Level 1 of the Lair of Beasts
 13655 | Lair:1   | Noticed a five-headed hydra
 13841 | Lair:1   | Found a frozen archway.
 13851 | IceCv    | Entered an ice cave
 13991 | IceCv    | Demolished by an ice devil

Illustrated notes

Levels and vault maps discovered:
D:1:      wander_arrival_desolate, layout_loops_cross
D:2:      layout_rooms, st_stairs_2
D:3:      layout_basic, uniq_terence
D:4:      layout_rooms, elyvilon_altar_4, uniq_sigmund
D:5:      cheibrodos_helix_gallery, layout_basic,
          nicolae_overflow_hidden_temple, grunt_qazlal_clouds,
          grunt_ministairs_12, minmay_ogre_servants
D:6:      layout_basic, minmay_temple_entry_glass, uniq_maggie
D:7:      layout_loops_cross, serial_bayou_pond_d
D:8:      layout_layer_cave
D:9:      layout_grid_maze, erik_lair_dragon, serial_shops,
          nicolae_shop_behind_doors, minmay_misc_feat_four_crosses,
          solitary_fountain
D:10:     layout_roguey, mainiacjoe_overflow_concentric_impassable,
          grunt_decor_resistance
D:11:     layout_irregular_city, orc_0_dummy, nicolae_sextant
Temple:   eino_temple_scatter_basement
Lair:1:   wad_woods_structure_01, layout_regular_city,
          portal_ice_cave_entry_pillars_2, eino_small_chamber_without_monster
IceCv:    ice_cave_tombish

Skill      XL: |  1  2  3  4  5  6  7  8  9 10 11 |
---------------+----------------------------------+-----
Throwing       | 2 |  2.0
Fighting       | 3 4 5 7 |  7.0
Dodging        | 3 4 6 |  6.0
Stealth        | 2 3 |  3.0
Spellcasting   | 2 3 |  3.0
Evocations     | 4 6 |  6.6
Transmutations | 3 |  3.0
Short Blades   | 5 7 |  7.0
Armour         | 3 5 6 |  6.0
Invocations    | 2 7 9 |  9.0
Staves         | |  2.8

Action                   |  1- 3 |  4- 6 |  7- 9 | 10-12 || total
-------------------------+-------+-------+-------+-------++-------
Melee: Quarterstaff      |    27 |       |       |       ||    27
       Dagger            |    91 |   143 |   191 |   168 ||   593
       Tailslap          |    11 |    23 |    26 |    21 ||    81
       Kick              |       |    58 |    71 |    55 ||   184
       Hand axe          |       |    15 |       |       ||    15
Throw: Throwing net      |     4 |     1 |       |     1 ||     6
       Javelin           |     3 |    13 |       |     4 ||    20
       Dart              |       |     2 |     4 |    15 ||    21
 Abil: Evoke Blink       |       |       |       |     1 ||     1
Evoke: Wand              |       |     5 |     1 |       ||     6
  Use: Potion            |       |       |     2 |     4 ||     6
       Scroll            |       |       |       |    11 ||    11
 Stab: Sleeping          |       |     1 |     1 |       ||     2
       Paralysed         |       |       |     6 |    11 ||    17
       Invisible         |       |       |       |     3 ||     3
Armor: Leather armour    |    44 |    44 |    11 |       ||    99
       Plate armour      |       |       |   114 |   120 ||   234
       Skin              |       |       |       |     2 ||     2
Dodge: Dodged            |    79 |   119 |    53 |    88 ||   339

Table legend: (Time is in decaauts)
 A = Elapsed time spent in this place.
 B = Non-inter-level travel time spent in this place.
 C = Inter-level travel time spent in this place.
 D = Time resting spent in this place.
 E = Time spent auto-exploring this place.
 F = Levels seen in this place.
 G = Mean time per level.
                   A        B        C        D        E       F      G
               +--------+--------+--------+--------+--------+-----+--------+
         Total |  13933 |  13043 |    890 |   1133 |  10134 |  14 |  995.2 |
       Dungeon |  13281 |  12411 |    870 |   1133 |   9633 |  11 | 1207.4 |
        Temple |    286 |    266 |     20 |      0 |    251 |   1 |  286.0 |
          Lair |    230 |    230 |      0 |      0 |    163 |   1 |  230.0 |
      Ice Cave |    135 |    135 |      0 |      0 |     87 |   1 |  135.0 |
               +--------+--------+--------+--------+--------+-----+--------+

Top non-repeatable levels by time:
     D:9: 2207 daAuts
     D:5: 1851 daAuts
     D:3: 1471 daAuts
    D:10: 1456 daAuts
     D:2: 1375 daAuts
     D:1: 1181 daAuts
     D:8: 1167 daAuts
     D:4: 1101 daAuts
     D:7: 743 daAuts
     D:6: 565 daAuts
  Temple: 286 daAuts
  Lair:1: 230 daAuts
    D:11: 160 daAuts
   IceCv: 135 daAuts
